 Dungeon Crawl Stone Soup version 0.28.0 (webtiles) character file.

Game seed: 4892724834767923390

59620 a3don the Spear-Bearer (level 14, -5/111 HPs)
             Began as a Merfolk Gladiator on Feb 13, 2022.
             Was the Champion of Fedhas.
             Slain by a redback (12 damage)
             ... on level 6 of the Lair of Beasts.
             The game lasted 01:23:24 (27178 turns).

a3don the Spear-Bearer (Merfolk Gladiator)         Turns: 27178, Time: 01:23:24

Health: -5/111     AC: 18    Str: 15    XL:     14   Next: 95%
Magic:  6/25       EV: 14    Int: 12    God:    Fedhas [******]
Gold:   1932       SH:  5    Dex: 15    Spells: 18/28 levels left

rFire   + . .      SeeInvis .   K - +6 shillelagh "Devastator" {shatter}
rCold   . . .      Faith    .   (no shield)
rNeg    . . .      Spirit   .   G - +1 swamp dragon scales
rPois   +          Reflect  +   c - +0 helmet
rElec   .          Harm     .   r - +0 cloak
rCorr   .          Rampage  .   w - +2 pair of gloves
Will    +....                   O - +2 pair of boots {Fly}
Stlth   +++.......              o - amulet of reflection
HPRegen 0.28/turn               t - ring of wizardry
MPRegen 0.19/turn               I - ring of protection from fire

@: lethally poisoned (-5 -> -35), flying, slowed, very slow
A: (nimble swimmer 2), mertail
a: Renounce Religion, Wall of Briars, Grow Ballistomycete, Overgrow, Grow Oklob


You were on level 6 of the Lair of Beasts.
You worshipped Fedhas.
Fedhas was exalted by your worship.
You visited 3 branches of the dungeon, and saw 18 of its levels.
You also visited: Bailey.

You collected 1932 gold pieces.

Inventory:

Hand Weapons
 a - a +2 vorpal halberd
 b - a +0 hunting sling
 j - a +3 trident of draining
 J - a +2 antimagic quarterstaff
 K - the +6 shillelagh "Devastator" (weapon) {shatter}
   (You found it on level 2 of the Dungeon)

   It releases a powerful concussive burst when it strikes, dealing extra damage
   to the target and all other foes adjacent to them.
Missiles
 d - a throwing net
 m - 123 sling bullets
 s - 17 poisoned darts
 M - 23 boomerangs (quivered)
Armour
 c - a +0 helmet (worn)
 k - an orb of wrath
 r - a +0 cloak (worn)
 w - a +2 pair of gloves (worn)
 G - +1 swamp dragon scales (worn)
 O - a +2 pair of boots of flying (worn)
Jewellery
 o - an amulet of reflection (around neck)
 t - a ring of wizardry (left hand)
 u - a ring of positive energy
 I - a ring of protection from fire (right hand)
Wands
 h - a wand of mindburst (20)
 i - a wand of acid (5)
 R - a wand of iceblast (5)
 U - a wand of polymorph (3)
 V - a wand of flame (8)
 Y - a wand of paralysis (8)
Scrolls
 e - a scroll of holy word {unknown}
 g - a scroll of fog {unknown}
 q - 2 scrolls of blinking
 v - a scroll of silence {unknown}
 x - 6 scrolls of vulnerability
 E - 4 scrolls of amnesia
 H - 2 scrolls of summoning
 L - 6 scrolls of fear
 Q - 3 scrolls of teleportation
 Z - a scroll of immolation
Potions
 f - 2 potions of might
 l - 6 potions of heal wounds
 n - 9 potions of ambrosia
 p - 5 potions of curing {unknown}
 z - 6 potions of lignification
 A - 2 potions of haste {unknown}
 B - a potion of cancellation {unknown}
 C - 2 potions of magic {unknown}
 F - 4 potions of attraction {unknown}
Miscellaneous
 N - a tin of tremorstones (2/2)


   Skills:
 + Level 10.3 Fighting
 - Level 5.5 Maces & Flails
 + Level 14.4 Polearms
 - Level 2.0 Throwing
 + Level 5.5 Armour
 - Level 8.1 Dodging
 - Level 8.0 Stealth
 + Level 7.6 Spellcasting
 + Level 6.1 Conjurations
 - Level 4.0 Fire Magic
 + Level 6.2 Air Magic
 + Level 8.3 Poison Magic
 + Level 9.2 Invocations


You had 18 spell levels left.
You knew the following spells:

 Your Spells              Type           Power      Damage    Failure   Level
a - Mephitic Cloud        Conj/Pois/Air  21%        N/A       1%          3
b - Ignite Poison         Fire/Tmut/Pois 14%        N/A       6%          3
c - Sticky Flame          Conj/Fire      16%        2d4       14%         4

Your spell library contained the following spells:

 Spells                   Type           Power      Damage    Failure   Level
 Conjure Flame            Conj/Fire      16%        6-21      4%          3
 Slow                     Hex            16%        N/A       12%         1
 Call Canine Familiar     Summ           4%         N/A       32%         3
 Confusing Touch          Hex            4%         N/A       32%         3
 Portal Projectile        Hex/Tloc       8%         N/A       32%         3
 Tukima's Dance           Hex            4%         N/A       32%         3
 Vampiric Draining        Necr           4%         2d6       32%         3
 Freezing Cloud           Conj/Ice/Air   7%         6-21      47%         5
 Anguish                  Hex/Necr       2%         N/A       71%         4
 Cause Fear               Hex            2%         N/A       71%         4
 Leda's Liquefaction      Hex/Erth       2%         N/A       71%         4
 Blade Hands              Tmut           2%         N/A       95%         5
 Excruciating Wounds      Necr           2%         N/A       95%         5
 Dragon Form              Tmut           2%         N/A       100%        7
 Enfeeble                 Hex            2%         N/A       100%        7
 Dragon's Call            Summ           2%         N/A       100%        9


Dungeon Overview and Level Annotations

Branches:
Dungeon (11/15)            Temple (1/1) D:4            Lair (6/6) D:11
 Shoals (0/4) Lair:3        Snake (0/4) Lair:4        Slime (0/5) Lair:6
    Orc (0/2) D:9          Bailey (visited)

Altars:
Ashenzari
Cheibriados
Dithmenos
Elyvilon
Fedhas
Gozag
Hepliaklqana
Kikubaaqudgha
Makhleb
Nemelex Xobeh
Okawaru
Qazlal
Ru
Sif Muna
Trog
Uskayaw
Vehumet
Wu Jian
Xom
Yredelemnul
Zin
The Shining One
Jiyva

Shops:
D:2 =   D:8 !


Innate Abilities, Weirdness & Mutations

((You are very nimble when in or above water. (Stealth+, EV+, Speed+++)))
Your lower body shifts to a powerful aquatic tail in water.


Message History

The redback bites you but does no damage.
The wolf spider burns!
The wolf spider misses you. The wolf spider barely misses you.
The redback bites you.
The wolf spider burns! x2
You kill the wolf spider!
Fedhas appreciates your contribution to the ecosystem.
The redback bites you.
You closely miss the redback. The redback completely misses you.
The redback bites you but does no damage.
You barely miss the redback. The redback closely misses you.
The redback bites you but does no damage.
The redback barely misses you.
You closely miss the redback. You block the redback's attack.
The redback bites you.
You hit the redback.
The redback shudders.
The redback is moderately wounded. x2
The redback bites you. The redback barely misses you.
You miss the redback.
The redback is moderately wounded.
The redback bites you!
* * * LOW HITPOINT WARNING * * *
The redback barely misses you.
Casting: Sticky Flame (dangerous; 14% risk of failure)
Confirm with . or Enter, or press ? or * to list all spells.
Aiming: Sticky Flame (dangerous; 14% risk of failure)
Press: ? - help, Shift-Dir - straight line, f - redback
Aim: a redback (moderately wounded, 100% to hit)
The sticky flame hits the redback.
The redback is heavily wounded.
The redback is covered in liquid flames!
The redback burns! x2; The redback bites you.
* * * LOW HITPOINT WARNING * * *
You are lethally poisoned!
The redback poisons you! The redback bites you.
* * * LOW HITPOINT WARNING * * *
* * * LOW HITPOINT WARNING * * *
You feel extremely sick.
The redback burns!
The redback bites you!
You die...
Fedhas appreciates your contribution to the ecosystem.

.. #s..P..# .. #......## ..
##......### .. .#
##†.#....### ...... .#
#..#.##.s.### .#.... ..
#S.#..##....###....... ..
#..##†.##.....#........ ..
....#..s##......P........ .#
#....##.s@##.............. #
..... #....##.............
#.$$)$.##....##............ #
#....##.....#...... ..
##......#........... ..
######.......##.......... ..
......#........#.......... ..
P..P..........#........... ..
P..##...................#....


You could see 2 redbacks.

Vanquished Creatures
  Kirke (Lair:5)
  Josephine (Lair:5)
  14 hydras
  3 two-headed ogres
  Urug (Lair:5)
  2 lindwurms
  2 necromancers (D:10)
  A wolf spider (Lair:6)
  A manticore (D:11)
  5 elephants (Lair:5)
  A merfolk siren (Lair:3)
  Joseph (D:8)
  A guardian serpent (Lair:6)
  Maggie (D:6)
  9 black mambas
  12 cane toads
  2 rime drakes
  6 komodo dragons
  2 ice devils (Lair:1)
  4 trolls
  3 polar bears
  Grinder (D:6)
  17 blink frogs
  2 hornets (Lair:6)
  Prince Ribbit (Lair:3)
  A meliai zombie (D:10)
  A spriggan (Lair:5)
  4 flying skulls (D:10)
  2 shadows (D:10)
  9 wyverns
  36 yaks
  6 wraiths
  Eustachio (D:5)
  3 hogs (Lair:5)
  3 basilisks
  4 vampire mosquitoes (D:11)
  3 steam dragons
  A redback (Lair:6)
  35 water moccasins
  8 black bears
  A swamp drake (Lair:4)
  4 orc warriors (Bailey)
  2 sky beasts
  A necrophage (D:5)
  4 centaurs
  19 wolves
  2 kobold brigands (D:9)
  17 bullfrogs
  3 scorpions
  A gnoll sergeant (D:10)
  A water moccasin skeleton (D:6)
  18 killer bees (Lair:1)
  24 wights
  2 howler monkeys (D:9)
  An electric eel (D:11)
  14 centaur zombies
  3 jellies
  8 hounds
  3 orc priests
  A gnoll shaman (D:6)
  9 centaur skeletons
  5 orc wizards
  6 hell rats (Lair:2)
  An iguana (D:6)
  2 hound skeletons
  2 howler monkey skeletons (D:10)
  2 howler monkey zombies (D:5)
  14 gnolls
  6 adders
  An ufetubus (D:5)
  A worm (D:3)
  A dart slug (D:3)
  19 orcs
  6 endoplasms
  2 giant cockroaches
  11 goblins
  15 hobgoblins
  4 jackals (D:3)
  4 quokkas
  3 ball pythons
  5 bats
  4 frilled lizards
  26 kobolds
  4 rats
493 creatures vanquished.

Vanquished Creatures (collateral kills)
  A cane toad (Lair:2)
  2 blink frogs (Lair:1)
  2 yaks (Lair:2)
  A bullfrog (Lair:2)
  6 killer bees (Lair:1)
  21 ballistomycete spores
33 creatures vanquished.

Vanquished Creatures (others)
  A queen bee (Lair:1)
  A killer bee (Lair:1)
  2 ballistomycete spores (D:10)
  A bush (Lair:6)
  95 fungi
  137 plants
237 creatures vanquished.

Grand Total: 763 creatures vanquished

Notes
Turn   | Place    | Note
-------+----------+-------------------------------------------
     0 | D:1      | a3don the Merfolk Gladiator began the quest for the Orb.
     0 | D:1      | Reached XP level 1. HP: 16/16 MP: 1/1
   355 | D:1      | Reached XP level 2. HP: 22/23 MP: 2/2
   447 | D:1      | Found a faded altar of an unknown god.
   493 | D:1      | Reached skill level 5 in Polearms
   954 | D:2      | Found the +6 shillelagh "Devastator" {shatter}
   987 | D:2      | Reached XP level 3. HP: 28/28 MP: 3/3
  1012 | D:2      | Found Egirem Ynyde's Jewellery Emporium.
  1575 | D:2      | Reached XP level 4. HP: 35/35 MP: 4/4
  1710 | D:3      | Reached skill level 6 in Polearms
  1741 | D:3      | Found a sparkling altar of Nemelex Xobeh.
  1945 | D:3      | Reached skill level 5 in Dodging
  1993 | D:3      | Reached XP level 5. HP: 32/41 MP: 5/5
  2359 | D:3      | Reached skill level 7 in Polearms
  2773 | D:4      | Reached XP level 6. HP: 48/48 MP: 6/6
  3045 | D:4      | Reached skill level 8 in Polearms
  3431 | D:4      | Found a staircase to the Ecumenical Temple.
  3443 | Temple   | Entered the Ecumenical Temple
  3770 | Temple   | Became a worshipper of Fedhas Madash
  3842 | D:4      | Reached XP level 7. HP: 55/55 MP: 7/7
  4294 | D:5      | Entered Level 5 of the Dungeon
  4351 | D:5      | Reached skill level 1 in Stealth
  4409 | D:5      | Noticed Eustachio
  4424 | D:5      | Killed Eustachio
  4425 | D:5      | Reached skill level 1 in Maces & Flails
  4425 | D:5      | Reached skill level 9 in Polearms
  4425 | D:5      | Reached skill level 1 in Spellcasting
  4425 | D:5      | Reached skill level 1 in Invocations
  4494 | D:5      | Reached XP level 8. HP: 61/61 MP: 8/10
  4592 | D:5      | Reached skill level 5 in Fighting
  5042 | D:6      | Noticed Maggie
  5055 | D:6      | Killed Maggie
  5534 | D:6      | Noticed Grinder
  5541 | D:6      | Killed Grinder
  5542 | D:6      | Reached XP level 9. HP: 60/69 MP: 12/12
  5679 | D:6      | Reached * piety under Fedhas
  6105 | D:6      | Reached skill level 10 in Polearms
  7552 | D:8      | Noticed Joseph
  7575 | D:8      | Killed Joseph
  7704 | D:8      | Reached skill level 1 in Poison Magic
  7823 | D:8      | Reached ** piety under Fedhas
  7824 | D:8      | Reached skill level 1 in Conjurations
  7824 | D:8      | Reached skill level 1 in Air Magic
  7824 | D:8      | Reached XP level 10. HP: 73/77 MP: 15/15
  7835 | D:8      | Reached skill level 5 in Stealth
  7993 | D:8      | Found a flagged portal.
  8003 | Bailey   | Entered a bailey
  8185 | Bailey   | Reached skill level 1 in Armour
  8659 | D:8      | Found Qafysax's Distillery.
  8950 | D:8      | Noticed a two-headed ogre
  8958 | D:8      | Killed a two-headed ogre
  9423 | D:8      | Reached *** piety under Fedhas
  9567 | D:8      | Reached skill level 11 in Polearms
  9569 | D:8      | Reached skill level 5 in Invocations
  9878 | D:9      | Found a staircase to the Orcish Mines.
 10537 | D:9      | Learned a level 3 spell: Mephitic Cloud
 10664 | D:9      | Reached XP level 11. HP: 63/84 MP: 17/17
 10903 | D:9      | Reached **** piety under Fedhas
 11455 | D:10     | Entered Level 10 of the Dungeon
 11952 | D:10     | Noticed a necromancer
 11957 | D:10     | Killed a necromancer
 11980 | D:10     | Noticed a necromancer
 11991 | D:10     | Killed a necromancer
 12001 | D:10     | Reached skill level 5 in Spellcasting
 12014 | D:10     | Noticed a two-headed ogre
 12249 | D:10     | Reached skill level 12 in Polearms
 12451 | D:10     | Reached XP level 12. HP: 41/92 MP: 19/19
 12771 | D:10     | Noticed a two-headed ogre
 12793 | D:10     | Reached skill level 5 in Poison Magic
 12795 | D:10     | Killed a two-headed ogre
 12796 | D:10     | Reached skill level 5 in Maces & Flails
 12994 | D:10     | Reached ***** piety under Fedhas
 13694 | D:11     | Found a white marble altar of Elyvilon.
 13857 | D:11     | Found a staircase to the Lair.
 14201 | D:11     | Noticed a two-headed ogre
 14216 | D:11     | Killed a two-headed ogre
 14721 | Lair:1   | Entered Level 1 of the Lair of Beasts
 14733 | Lair:1   | Noticed a five-headed hydra
 14745 | Lair:1   | Killed a five-headed hydra
 15063 | Lair:1   | Noticed a five-headed hydra
 15081 | Lair:1   | Killed a five-headed hydra
 15872 | Lair:1   | Reached XP level 13. HP: 67/99 MP: 18/22
 16606 | Lair:1   | Reached skill level 13 in Polearms
 16764 | Lair:1   | Learned a level 3 spell: Ignite Poison
 17473 | Lair:2   | Reached skill level 1 in Fire Magic
 18222 | Lair:3   | Noticed Prince Ribbit
 18231 | Lair:3   | Killed Prince Ribbit
 18719 | Lair:2   | Reached skill level 5 in Air Magic
 18923 | Lair:2   | Reached skill level 5 in Conjurations
 19553 | Lair:3   | Found a staircase to the Shoals.
 21023 | Lair:4   | Reached XP level 14. HP: 39/108 MP: 13/24
 21285 | Lair:4   | Found a staircase to the Snake Pit.
 21400 | Lair:4   | Found a radiant altar of Vehumet.
 21423 | Lair:4   | Reached ****** piety under Fedhas
 22421 | Lair:5   | Learned a level 4 spell: Sticky Flame
 22848 | Lair:5   | Reached skill level 5 in Armour
 23254 | Lair:5   | Reached skill level 14 in Polearms
 23397 | Lair:5   | Noticed Urug
 23770 | Lair:5   | Noticed Kirke
 23781 | Lair:5   | Killed Kirke
 24044 | Lair:5   | Killed Urug
 25080 | Lair:6   | Entered Level 6 of the Lair of Beasts
 25111 | Lair:6   | Noticed Josephine
 25153 | Lair:5   | Reached skill level 10 in Fighting
 25237 | Lair:5   | Killed Josephine
 26560 | Lair:6   | Found a staircase to the Slime Pits.
 26560 | Lair:6   | Found a viscous altar of Jiyva.
 27178 | Lair:6   | Slain by a redback

Illustrated notes

Levels and vault maps discovered:
D:1:      sevenhm_arrival_forest_fort_small_4, layout_basic,
          shapermc_ecumenical_altar_ellora, kennysheep_small_spiral
D:2:      layout_loops_cross, serial_shops, nicolae_shop_stone, corexii_shack,
          minmay_split_cup_large
D:3:      layout_basic, nemelex_xobeh_ov_fountains_minmay
D:4:      layout_basic, minmay_temple_entry_butterflies, cheibrodos_gnoll_hut
D:5:      layout_cave_pools, uniq_eustachio
D:6:      layout_loops_corners, uniq_maggie, uniq_grinder
D:7:      layout_layer_cave
D:8:      layout_gridville, enter_bailey_3, serial_shops, shop, uniq_joseph
D:9:      layout_stronghold, orc_0_dummy
D:10:     hangedman_screamer, layout_basic
D:11:     layout_loops_ring, david_lair_shrubbed, serial_glass, glass_columns_c,
          glass_columns_a, glass_columns_a, glass_columns_b, glass_columns_b,
          minmay_strange_pillars, item_on_display_a, nicolae_zen_rock_garden,
          nicolae_elyvilon_temple_path
Temple:   mainiacjoe_temple_circle_huts
Lair:1:   layout_cave_shapes, special_room [special_room_bee],
          portal_ice_cave_demonic_guard, minmay_stone_trees_small, minmay_holes,
          grunt_megastairs_4
Lair:2:   layout_hall_layers, beast_lair_carwin_9
Lair:3:   layout_hall_layers, minmay_shoals_entry_lonely_mermaid,
          serial_bayou_ford_a, uniq_prince_ribbit2
Lair:4:   layout_small_grid, minmay_snake_entry_six_corridors, basic_altar,
          chequers_serial_rivers_room_a, hibernation_bobbens
Lair:5:   layout_long_grid, minivault_11, grunt_forest_stairs_clearing,
          uniq_urug, uniq_kirke
Lair:6:   hangedman_lair_tendril_chambers, layout_long_grid,
          hangedman_lair_caniforms_friends, slime_altar_1, uniq_josephine

Skill      XL: |  1  2  3  4  5  6  7  8  9 10 11 12 13 14 |
---------------+-------------------------------------------+-----
Polearms       | 5 6 7 8 9 10 11 12 13 14 | 14.4
Fighting       | 3 4 5 6 7 8 9 10 | 10.3
Dodging        | 5 6 7 8 |  8.1
Stealth        | 1 3 4 5 7 8 |  8.0
Maces & Flails | 1 2 3 4 5 |  5.5
Spellcasting   | 1 2 3 4 5 6 7 |  7.6
Invocations    | 1 3 4 5 6 7 8 9 |  9.2
Poison Magic   | 1 3 4 6 7 8 |  8.3
Conjurations   | 1 2 3 4 5 6 |  6.1
Air Magic      | 1 2 3 4 5 6 |  6.2
Armour         | 2 3 4 5 |  5.5
Fire Magic     | 3 4 |  4.0
Throwing       | |  2.0

Action                   |  1- 3 |  4- 6 |  7- 9 | 10-12 | 13-15 || total
-------------------------+-------+-------+-------+-------+-------++-------
Melee: Trident           |    50 |       |       |    35 |     9 ||    94
       Punch             |     1 |     1 |       |     4 |    14 ||    20
       Shillelagh        |    25 |    85 |   120 |   366 |   512 ||  1108
       Halberd           |       |       |       |       |     9 ||     9
 Fire: Hunting sling     |       |       |       |    24 |     1 ||    25
Throw: Dart              |       |       |     6 |       |       ||     6
       Throwing net      |       |       |     2 |       |       ||     2
       Boomerang         |       |       |       |    47 |    76 ||   123
 Cast: Mephitic Cloud    |       |       |       |     1 |    51 ||    52
       Ignite Poison     |       |       |       |       |    18 ||    18
       Sticky Flame      |       |       |       |       |     8 ||     8
Invok: Grow Ballistomyce |       |       |       |     3 |     1 ||     4
       Wall of Briars    |       |       |       |     2 |     4 ||     6
Evoke: Wand              |       |       |       |     1 |       ||     1
  Use: Scroll            |       |       |       |    10 |     9 ||    19
       Potion            |       |       |       |     1 |       ||     1
 Stab: Sleeping          |     2 |       |     3 |     6 |     2 ||    13
       Confused          |       |       |       |       |    16 ||    16
       Distracted        |       |       |       |       |     2 ||     2
Armor: Leather armour    |    18 |       |       |       |       ||    18
       Ring mail         |    11 |    24 |    15 |       |       ||    50
       Swamp dragon scal |       |       |    25 |   171 |   329 ||   525
Dodge: Dodged            |    41 |    65 |    61 |   293 |   518 ||   978
Block: Other             |       |    12 |    23 |   121 |   175 ||   331
       Reflection        |       |     1 |       |     8 |       ||     9
